TOP OF THE 1ST |
Detroit Elite batting - Pitching for Ft. Worth Cattlemen : RHP Kabeya Kasongo
|
Pitching: RHP Kabeya Kasongo
|
|
Batting: RHB Dejmi Dumervil
|
0-0: Foul Ball, location: 2F 0-1: Ball 1-1: Swinging Strike 1-2: Ball 2-2: Strikes out swinging
|
Batting: LHB Jack McCusker
|
0-0: Ball 1-0: Foul Ball, location: 2F 1-1: Called Strike 1-2: Strikes out swinging
|
Batting: RHB Amon-Ra St. Brown
|
0-0: Called Strike 0-1: Ball 1-1: Fly out, F9 (Line Drive, 9D, EV 88.8 MPH)
|
Top of the 1st over - 0 runs, 0 hits, 0 errors, 0 left on base; Detroit 0 - Ft. Worth 0 |
BOTTOM OF THE 1ST |
Ft. Worth Cattlemen batting - Pitching for Detroit Elite : RHP Salim Fakhir
|
Pitching: RHP Salim Fakhir
|
|
Batting: RHB Jesús Torres
|
0-0: Called Strike 0-1: Ball 1-1: Ball 2-1: Foul Ball, location: 2F 2-2: Strikes out swinging
|
Batting: LHB Count Dante
|
0-0: Ball 1-0: Called Strike 1-1: Swinging Strike 1-2: Strikes out swinging
|
Batting: SHB Kolby Hay
|
0-0: Ball 1-0: Swinging Strike 1-1: Foul Ball, location: 2F 1-2: Ball 2-2: DOUBLE (Line Drive, 7LM, EV 103.8 MPH)
|
Batting: RHB Tae-cho Han
|
0-0: Ball 1-0: Ball 2-0: Called Strike 2-1: Called Strike Balk! Kolby Hay to third 2-2: Ball 3-2: SINGLE (Groundball, 56D, EV 95.6 MPH) Kolby Hay scores
|
Batting: LHB Semo Hoaloha
|
0-0: Called Strike 0-1: Ball 1-1: Ball 2-1: Ground out 4-3 (Groundball, 4, EV 90.0 MPH)
|
Bottom of the 1st over - 1 run, 2 hits, 0 errors, 1 left on base; Detroit 0 - Ft. Worth 1 |
TOP OF THE 2ND |
Detroit Elite batting - Pitching for Ft. Worth Cattlemen : RHP Kabeya Kasongo
|
Batting: LHB Murray Sperber
|
0-0: Called Strike 0-1: Called Strike 0-2: Ball 1-2: Ball 2-2: Foul Ball, location: 2F 2-2: Ball 3-2: Ground out 4-3 (Groundball, 4, EV 82.5 MPH)
|
Batting: RHB Daryl Yandell
|
0-0: Fly out, F2 (Popup, 2L, EV 90.6 MPH)
|
Batting: RHB Estanislao Hirigoyen
|
0-0: Reached on error, E4 (Groundball, 4S, EV 79.4 MPH)
|
Batting: RHB Juan Amengual
|
0-0: SINGLE (Groundball, 56D, EV 98.8 MPH) Estanislao Hirigoyen to third Runner from 3rd tries for Home, SAFE, no throw by LF
|
Batting: RHB Víctor Cuevas
|
0-0: Fly out, F2 (Popup, 23F, EV 92.5 MPH)
|
Top of the 2nd over - 1 run, 1 hit, 1 error, 1 left on base; Detroit 1 - Ft. Worth 1 |
BOTTOM OF THE 2ND |
Ft. Worth Cattlemen batting - Pitching for Detroit Elite : RHP Salim Fakhir
|
Batting: RHB Min-gook Ch'oe
|
0-0: Ball 1-0: SINGLE (Line Drive, 78M, EV 96.9 MPH)
|
Batting: LHB Tippi Degré
|
0-0: Ball 1-0: Foul Ball, location: 2F 1-1: SINGLE (Groundball, 34D, EV 106.9 MPH) Min-gook Ch'oe to second Runner from 2nd tries for 3rd, SAFE, throw by RF made to third
|
Batting: RHB Lonnie Doble
|
0-0: Swinging Strike 0-1: Grounds into double play, 6-4-3 (Groundball, 6, EV 102.5 MPH) Min-gook Ch'oe scores
|
Batting: RHB Dennis Wacher
|
0-0: Foul Ball, location: 2F 0-1: Ground out 5-3 (Groundball, 56S, EV 86.2 MPH)
|
Bottom of the 2nd over - 1 run, 2 hits, 0 errors, 0 left on base; Detroit 1 - Ft. Worth 2 |
TOP OF THE 3RD |
Detroit Elite batting - Pitching for Ft. Worth Cattlemen : RHP Kabeya Kasongo
|
Batting: LHB Dave Watts
|
0-0: Swinging Strike 0-1: Ball 1-1: Ground out 5-3 (Groundball, 5L, EV 88.8 MPH)
|
Batting: RHB Dejmi Dumervil
|
0-0: Called Strike 0-1: Swinging Strike 0-2: Ball 1-2: Ball 2-2: Foul Ball, location: 2F 2-2: Strikes out looking
|
Batting: LHB Jack McCusker
|
0-0: Ball 1-0: Bunt missed! 1-1: Foul Ball, location: 2F 1-2: Strikes out swinging
|
Top of the 3rd over - 0 runs, 0 hits, 0 errors, 0 left on base; Detroit 1 - Ft. Worth 2 |
BOTTOM OF THE 3RD |
Ft. Worth Cattlemen batting - Pitching for Detroit Elite : RHP Salim Fakhir
|
Batting: RHB Jesús Torres
|
0-0: Fly out, F8 (Flyball, 8LXD, EV 90.0 MPH)
|
Batting: LHB Count Dante
|
0-0: Ball 1-0: Ball 2-0: Called Strike 2-1: Ground out 4-3 (Groundball, 4, EV 109.4 MPH)
|
Batting: SHB Kolby Hay
|
0-0: Ball 1-0: Fly out, F5 (Line Drive, 5, EV 63.8 MPH)
|
Bottom of the 3rd over - 0 runs, 0 hits, 0 errors, 0 left on base; Detroit 1 - Ft. Worth 2 |
TOP OF THE 4TH |
Detroit Elite batting - Pitching for Ft. Worth Cattlemen : RHP Kabeya Kasongo
|
Batting: RHB Amon-Ra St. Brown
|
0-0: Foul Ball, location: 2F 0-1: SINGLE (Groundball, 6, EV 101.9 MPH) (infield hit)
|
Batting: LHB Murray Sperber
|
0-0: Foul Ball, location: 2F 0-1: Fielders Choice at 2nd, 1-6 (Groundball, P, EV 65.6 MPH)
|
Batting: RHB Daryl Yandell
|
0-0: Ball 1-0: Called Strike 1-1: Ball 2-1: Called Strike 2-2: Ball 3-2: DOUBLE (Line Drive, 78XD, EV 98.8 MPH) Murray Sperber to third Murray Sperber scores
|
Batting: RHB Estanislao Hirigoyen
|
0-0: Ball 1-0: Ball 2-0: DOUBLE (Line Drive, 78D, EV 104.4 MPH) Daryl Yandell scores
|
Batting: RHB Juan Amengual
|
0-0: Ball 1-0: Foul Ball, location: 2F 1-1: Ball 2-1: Ball 3-1: Base on Balls
|
Batting: RHB Víctor Cuevas
|
0-0: Ball 1-0: Ball 2-0: Foul Ball, location: 2F 2-1: SINGLE (Groundball, 56D, EV 109.4 MPH) Estanislao Hirigoyen to third Juan Amengual to second Runner from 3rd tries for Home, SAFE, throw by LF to home
|
Batting: LHB Dave Watts
|
0-0: Fly out, F5 (Popup, 5L, EV 76.2 MPH)
|
Batting: RHB Dejmi Dumervil
|
0-0: Foul Ball, location: 2F 0-1: Fly out, F5 (Line Drive, 5, EV 69.4 MPH)
|
Top of the 4th over - 3 runs, 4 hits, 0 errors, 2 left on base; Detroit 4 - Ft. Worth 2 |
BOTTOM OF THE 4TH |
Ft. Worth Cattlemen batting - Pitching for Detroit Elite : RHP Salim Fakhir
|
Batting: RHB Tae-cho Han
|
0-0: DOUBLE (Line Drive, 8RXD, EV 103.1 MPH)
|
Batting: LHB Semo Hoaloha
|
0-0: Called Strike 0-1: Foul Ball, location: 2F 0-2: Fly out, F7 (Flyball, 7S, EV 87.5 MPH)
|
Batting: RHB Min-gook Ch'oe
|
0-0: Called Strike 0-1: Called Strike 0-2: Ground out 1-3 (Groundball, 34S, EV 83.1 MPH) Tae-cho Han to third
|
Batting: LHB Tippi Degré
|
0-0: Called Strike 0-1: Ball 1-1: Called Strike 1-2: Foul Ball, location: 2F 1-2: Foul Ball, location: 2F 1-2: Strikes out swinging
|
Bottom of the 4th over - 0 runs, 1 hit, 0 errors, 1 left on base; Detroit 4 - Ft. Worth 2 |
TOP OF THE 5TH |
Detroit Elite batting - Pitching for Ft. Worth Cattlemen : RHP Kabeya Kasongo
|
Batting: LHB Jack McCusker
|
0-0: Fly out, F8 (Flyball, 8LM, EV 87.5 MPH)
|
Batting: RHB Amon-Ra St. Brown
|
0-0: Ball 1-0: Foul Ball, location: 2F 1-1: Ball 2-1: SINGLE (Groundball, 5L, EV 95.6 MPH)
|
Batting: LHB Murray Sperber
|
0-0: Ball 1-0: SINGLE (Line Drive, 6MD, EV 104.4 MPH) Amon-Ra St. Brown to second
|
Batting: RHB Daryl Yandell
|
0-0: Called Strike 0-1: Foul Ball, location: 2F 0-2: Foul Ball, location: 2F 0-2: Strikes out swinging
|
Batting: RHB Estanislao Hirigoyen
|
0-0: Called Strike 0-1: Ball 1-1: Foul Ball, location: 2F 1-2: Ball 2-2: Strikes out swinging
|
Top of the 5th over - 0 runs, 2 hits, 0 errors, 2 left on base; Detroit 4 - Ft. Worth 2 |
BOTTOM OF THE 5TH |
Ft. Worth Cattlemen batting - Pitching for Detroit Elite : RHP Salim Fakhir
|
Batting: RHB Lonnie Doble
|
0-0: Foul Ball, location: 2F 0-1: Foul Ball, location: 2F 0-2: Ball 1-2: Ball 2-2: DOUBLE (Groundball, 5L, EV 95.6 MPH)
|
Batting: RHB Dennis Wacher
|
0-0: Foul Ball, location: 2F 0-1: Ground out 5-3 (Groundball, 56, EV 83.8 MPH)
|
Batting: RHB Jesús Torres
|
0-0: Foul Ball, location: 2F 0-1: Ball 1-1: Swinging Strike 1-2: Fly out, F7 (Flyball, 78M, EV 89.4 MPH)
|
Batting: LHB Count Dante
|
0-0: Ball 1-0: Foul Ball, location: 2F 1-1: Foul Ball, location: 2F 1-2: Reached on error, E5 (Groundball, 56, EV 80.6 MPH) Lonnie Doble scores
|
Batting: SHB Kolby Hay
|
0-0: Called Strike 0-1: Foul Ball, location: 2F 0-2: DOUBLE (Line Drive, 9LS, EV 105.6 MPH) Count Dante scores
|
Batting: RHB Tae-cho Han
|
0-0: Foul Ball, location: 2F 0-1: Called Strike 0-2: Foul Ball, location: 2F 0-2: Ball 1-2: Ball 2-2: Ball 3-2: SINGLE (Line Drive, 9S, EV 101.9 MPH) Kolby Hay to third Kolby Hay scores
|
Pitching: LHP Hercules Mata'afa
|
|
Batting: LHB Semo Hoaloha
|
0-0: Ball 1-0: Foul Ball, location: 2F 1-1: Ground out U3 (Groundball, 3L, EV 89.4 MPH)
|
Bottom of the 5th over - 3 runs, 3 hits, 1 error, 1 left on base; Detroit 4 - Ft. Worth 5 |
TOP OF THE 6TH |
Detroit Elite batting - Pitching for Ft. Worth Cattlemen : RHP Kabeya Kasongo
|
Pitching: RHP WyDale Curry
|
|
Batting: RHB Juan Amengual
|
0-0: Called Strike 0-1: Ball 1-1: Called Strike 1-2: Ground out U3 (Groundball, 34, EV 88.1 MPH)
|
Batting: RHB Víctor Cuevas
|
0-0: Ball 1-0: Called Strike 1-1: Foul Ball, location: 2F 1-2: Strikes out swinging
|
Batting: LHB Dave Watts
|
0-0: Ball 1-0: Called Strike 1-1: Called Strike 1-2: Foul Ball, location: 2F 1-2: Ball 2-2: Strikes out looking
|
Top of the 6th over - 0 runs, 0 hits, 0 errors, 0 left on base; Detroit 4 - Ft. Worth 5 |
BOTTOM OF THE 6TH |
Ft. Worth Cattlemen batting - Pitching for Detroit Elite : LHP Hercules Mata'afa
|
Batting: RHB Min-gook Ch'oe
|
0-0: Called Strike 0-1: Ball 1-1: Called Strike 1-2: DOUBLE (Line Drive, 78D, EV 105.6 MPH)
|
Batting: LHB Tippi Degré
|
0-0: Fly out, F5 (Popup, 5F, EV 62.5 MPH)
|
Batting: RHB Lonnie Doble
|
0-0: Ball 1-0: Ball 2-0: Ground out 5-3 (Groundball, 56, EV 103.8 MPH)
|
Batting: RHB Dennis Wacher
|
0-0: Called Strike 0-1: SINGLE (Groundball, 56, EV 111.2 MPH) (infield hit) Min-gook Ch'oe to third
|
Batting: RHB Jesús Torres
|
0-0: Ball 1-0: Ball 2-0: Foul Ball, location: 2F 2-1: Foul Ball, location: 2F 2-2: Fly out, F9 (Line Drive, 9, EV 104.4 MPH)
|
Bottom of the 6th over - 0 runs, 2 hits, 0 errors, 2 left on base; Detroit 4 - Ft. Worth 5 |
TOP OF THE 7TH |
Detroit Elite batting - Pitching for Ft. Worth Cattlemen : RHP WyDale Curry
|
Batting: RHB Dejmi Dumervil
|
0-0: Ball 1-0: Ground out 5-3 (Groundball, 56S, EV 92.5 MPH)
|
Batting: LHB Jack McCusker
|
0-0: Ball 1-0: SINGLE (Line Drive, 7LM, EV 112.5 MPH)
|
Batting: RHB Amon-Ra St. Brown
|
0-0: Called Strike Jack McCusker is caught stealing 2nd base 2-4 0-1: Called Strike 0-2: Ball 1-2: Fly out, F3 (Popup, 34, EV 58.1 MPH)
|
Top of the 7th over - 0 runs, 1 hit, 0 errors, 0 left on base; Detroit 4 - Ft. Worth 5 |
BOTTOM OF THE 7TH |
Ft. Worth Cattlemen batting - Pitching for Detroit Elite : LHP Hercules Mata'afa
|
Batting: LHB Count Dante
|
0-0: Ball 1-0: Called Strike 1-1: Ball 2-1: Swinging Strike 2-2: Strikes out swinging
|
Batting: SHB Kolby Hay
|
0-0: DOUBLE (Line Drive, 89XD, EV 100.0 MPH)
|
Batting: RHB Tae-cho Han
|
0-0: Intentional Walk
|
Batting: LHB Semo Hoaloha
|
0-0: DOUBLE (Flyball, 89XD, EV 96.9 MPH) Kolby Hay scores Tae-cho Han to third Runner from 3rd tries for Home, SAFE, throw by CF to trailing runner, SAFE at third!
|
Batting: RHB Min-gook Ch'oe
|
0-0: Intentional Walk
|
Batting: LHB Tippi Degré
|
0-0: Ball 1-0: Ball 2-0: Ball 3-0: Called Strike 3-1: Called Strike 3-2: Foul Ball, location: 2F 3-2: Strikes out swinging
|
Batting: RHB Lonnie Doble
|
0-0: Foul Ball, location: 2F 0-1: Ball 1-1: Foul Ball, location: 2F 1-2: Ball 2-2: Foul Ball, location: 2F 2-2: Foul Ball, location: 2F 2-2: Ball 3-2: Base on Balls Min-gook Ch'oe to second
|
Batting: RHB Dennis Wacher
|
0-0: Called Strike 0-1: Fly out, F7 (Flyball, 7LS, EV 85.0 MPH)
|
Bottom of the 7th over - 2 runs, 2 hits, 0 errors, 3 left on base; Detroit 4 - Ft. Worth 7 |
TOP OF THE 8TH |
Detroit Elite batting - Pitching for Ft. Worth Cattlemen : RHP WyDale Curry
|
Batting: LHB Murray Sperber
|
0-0: Swinging Strike 0-1: Foul Ball, location: 2F 0-2: Ball 1-2: Foul Ball, location: 2F 1-2: Ball 2-2: DOUBLE (Flyball, 8RXD, EV 110.6 MPH)
|
Pitching: RHP Blair Wright
|
|
Batting: RHB Daryl Yandell
|
0-0: Called Strike 0-1: Ball 1-1: Ball 2-1: Ball 3-1: Ground out 6-3 (Groundball, 56, EV 103.1 MPH)
|
Batting: RHB Estanislao Hirigoyen
|
0-0: Ball 1-0: Ball 2-0: Ball 3-0: Base on Balls
|
Batting: RHB Juan Amengual
|
0-0: Ball 1-0: Ball 2-0: Foul Ball, location: 2F 2-1: Ground out 4-3 (Groundball, 34D, EV 105.0 MPH) Murray Sperber to third Estanislao Hirigoyen to second
|
Batting: RHB Víctor Cuevas
|
0-0: Called Strike 0-1: Ball 1-1: Ball 2-1: Ball 3-1: Called Strike 3-2: Foul Ball, location: 2F 3-2: Base on Balls
|
Batting: LHB Dave Watts
|
0-0: Fly out, F7 (Line Drive, 7, EV 91.9 MPH)
|
Top of the 8th over - 0 runs, 1 hit, 0 errors, 3 left on base; Detroit 4 - Ft. Worth 7 |
BOTTOM OF THE 8TH |
Ft. Worth Cattlemen batting - Pitching for Detroit Elite : LHP Hercules Mata'afa
|
Batting: RHB Jesús Torres
|
0-0: Called Strike 0-1: SINGLE (Line Drive, 8LS, EV 92.5 MPH)
|
Pitching: RHP Joel Plowden
|
|
Batting: LHB Count Dante
|
0-0: Ball 1-0: Foul Ball, location: 2F 1-1: Called Strike 1-2: SINGLE (Line Drive, 56D, EV 100.0 MPH) Jesús Torres to second
|
Batting: SHB Kolby Hay
|
0-0: Ball 1-0: SINGLE (Flyball, 89M, EV 95.0 MPH) Jesús Torres to third Count Dante to second
|
Batting: RHB Tae-cho Han
|
0-0: Called Strike 0-1: Ball 1-1: Ball 2-1: Foul Ball, location: 2F 2-2: Ball 3-2: Base on Balls Jesús Torres scores Count Dante to third Kolby Hay to second
|
Batting: LHB Semo Hoaloha
|
0-0: Called Strike 0-1: Ball 1-1: Ball 2-1: Fly out, F9 (Flyball, 9S, EV 85.6 MPH)
|
Batting: RHB Min-gook Ch'oe
|
0-0: Called Strike 0-1: Ball 1-1: Ball 2-1: Grounds into fielders choice 1-2 (Groundball, 34S, EV 85.6 MPH) Kolby Hay to third Tae-cho Han to second
|
Batting: LHB Tippi Degré
|
0-0: Ground out 4-3 (Groundball, 4, EV 83.8 MPH)
|
Bottom of the 8th over - 1 run, 3 hits, 0 errors, 3 left on base; Detroit 4 - Ft. Worth 8 |
TOP OF THE 9TH |
Detroit Elite batting - Pitching for Ft. Worth Cattlemen : RHP Blair Wright
|
Batting: RHB Dejmi Dumervil
|
0-0: Ball 1-0: Ground out 2-3 (Groundball, 13S, EV 72.5 MPH)
|
Batting: LHB Jack McCusker
|
0-0: Foul Ball, location: 2F 0-1: Ball 1-1: Called Strike 1-2: Ball 2-2: Ball 3-2: DOUBLE (Flyball, 8LXD, EV 105.6 MPH)
|
Pitching: RHP Sima Babic
|
|
Batting: RHB Amon-Ra St. Brown
|
0-0: Foul Ball, location: 2F 0-1: Foul Ball, location: 2F 0-2: Foul Ball, location: 2F 0-2: Ball 1-2: Strikes out swinging
|
Batting: LHB Murray Sperber
|
0-0: Fly out, F7 (Flyball, 7S, EV 85.0 MPH)
|
Top of the 9th over - 0 runs, 1 hit, 0 errors, 1 left on base; Detroit 4 - Ft. Worth 8 |
|